 Dungeon Crawl Stone Soup version 0.27.1-1-g398f81649c (webtiles) character file.

Game seed: 17262273435379475214

49 Qrupt the Skirmisher (level 3, -4/37 HPs)
             Began as an Ogre Arcane Marksman on Sept 6, 2021.
             Killed from afar by an orc wizard (5 damage)
             ... with a magic dart
             ... on level 2 of the Dungeon.
             The game lasted 00:04:20 (2399 turns).

Qrupt the Skirmisher (Ogre Arcane Marksman)         Turns: 2399, Time: 00:04:21

Health: -4/37      AC:  7    Str: 15    XL:     3   Next: 77%
Magic:  6/6        EV:  9    Int: 14    God:
Gold:   24         SH:  0    Dex:  9    Spells: 5/6 levels left

rFire    . . .     SeeInvis .   o - +2 dagger (speed)
rCold    . . .     Faith    .   (no shield)
rNeg     . . .     Spirit   .   a - +0 robe
rPois    .         Reflect  .   (helmet restricted)
rElec    .         Harm     .   (no cloak)
rCorr    .         Rampage  .   (gloves unavailable)
Will     .....                  (boots unavailable)
Stlth    +.........             (no amulet)
HPRegen  0.12/turn              d - +4 ring of protection
MPRegen  0.10/turn              (no ring)

@: confused, brilliant
A: large, unfitting armour, tough skin 1
a: no special abilities


You were on level 2 of the Dungeon.
You visited 1 branch of the dungeon, and saw 2 of its levels.

You collected 57 gold pieces.
You spent 33 gold pieces at shops.

Inventory:

Hand Weapons
 o - a +2 dagger of speed (weapon)
Armour
 a - a +0 robe (worn)
Jewellery
 d - a +4 ring of protection (left hand)
Scrolls
 e - 3 scrolls of amnesia {unknown}
 f - a scroll of enchant weapon {unknown}
 g - a scroll of enchant armour {unknown}
 h - a scroll of fog {unknown}
 i - 2 scrolls of summoning {unknown}
 k - a scroll of identify {unknown}


   Skills:
 * Level 3.1 Fighting
 + Level 2.5 Throwing
 - Level 1.7 Dodging
 + Level 2.0 Spellcasting
 + Level 3.0 Hexes


You had 5 spell levels left.
You knew the following spells:

 Your Spells              Type           Power      Damage    Failure   Level
a - Corona                Hex            15%        N/A       7%          1

Your spell library contained the following spells:

 Spells                   Type           Power      Damage    Failure   Level
 Slow                     Hex            14%        N/A       11%         2
 Inner Flame              Hex/Fire       8%         N/A       36%         3
 Portal Projectile        Hex/Tloc       16%        N/A       36%         3
 Cause Fear               Hex            7%         N/A       56%         4


Dungeon Overview and Level Annotations

Branches:
Dungeon (2/15)

Altars:

Shops:
D:2 *


Innate Abilities, Weirdness & Mutations

You are too large for most types of armour.
You have tough skin. (AC +1)


Message History

Something tries to affect you, but you resist.
You barely miss something. You hit something. Something hits you.
You miss something. Something hits you but does no damage.
You hit something. You hit something but do no damage.
Something completely misses you.
You miss something. Something hits you but does no damage.
You hit something but do no damage. You barely miss something.
Something hits you.
You hit something. Something hits you but does no damage.
You miss something. You barely miss something.
Something hits you but does no damage.
You hit something.
You hear some strange, mumbled words.
You are confused.
You bump into the rock wall.
Something hits you but does no damage.
You barely miss something.
You're too confused to move!
Something hits you but does no damage.
The orc priest mumbles some strange prayers to Beogh against you.
Beogh smites you!
* * * LOW HITPOINT WARNING * * *
You hear some strange, mumbled words.
You are more confused.
You aren't carrying any potions.
You aren't carrying any potions.
You are too confused!
Unknown command.
You bump into the rock wall.
The orc priest looks encouraged for a moment.
You bump into the rock wall.
An orc wizard appears from thin air!
Reactivating autopickup.
The orc wizard hits you but does no damage.
You bump into the rock wall.
The orc wizard casts a spell at you. You resist with some effort.
The orc priest looks braver for a moment.
You bump into the rock wall.
The orc wizard gestures at you while chanting.
The magic dart hits you.
You die...

#.###.# #.##.# #....#.#
.#.##.#####.##.# ##.#.#.#
.........<..##.# ##...##
####...#.#####(# ##.##
###.#..#.#####.###### #.#
.#....>.........(...######.#
#..##.########.#(o.........#
#..##.# #.####(########
......# #..@oo.# #..##.#
#..##### #..##)########..#
#..##...........#
...############.# .......#
#.# [###.#.##### #.#
.###.......####.#
#..........#....#


You could see an orc priest and an orc wizard.

Vanquished Creatures
  An adder (D:2)
  2 dart slugs
  2 orcs (D:2)
  A bat (D:1)
  2 endoplasms (D:1)
  A giant cockroach (D:2)
  3 goblins
  6 hobgoblins
  3 kobolds
  2 quokkas (D:1)
  4 ball pythons
  3 frilled lizards
30 creatures vanquished.

Notes
Turn   | Place    | Note
-------+----------+-------------------------------------------
     0 | D:1      | Qrupt the Ogre Arcane Marksman began the quest for the Orb.
     0 | D:1      | Reached XP level 1. HP: 19/19 MP: 2/2
   329 | D:1      | Reached XP level 2. HP: 11/28 MP: 4/4
  1407 | D:2      | Found Onwemyje's General Store.
  1421 | D:2      | Reached XP level 3. HP: 33/36 MP: 5/5
  1445 | D:2      | Bought a potion of curing for 33 gold pieces
  2394 | D:2      | HP: 1/37 [orc priest/divine providence (12)]
  2399 | D:2      | Killed from afar by an orc wizard

Illustrated notes

Levels and vault maps discovered:
D:1:      wheals_arrival_linesprint, layout_loops_ring
D:2:      layout_loops_ring, serial_shops, nicolae_lakefront_shop

Skill      XL: |  1  2  3 |
---------------+----------+-----
Fighting       | 2 3 |  3.1
Hexes          | 3 |  3.0
Spellcasting   | 2 |  2.0
Throwing       | |  2.5
Dodging        | |  1.7

Action                   || total
-------------------------++-------
Melee: Dagger            ||   161
       Unarmed           ||    15
       Short sword       ||    20
Throw: Large rock        ||     4
       Throwing net      ||     2
 Cast: Corona            ||     8
  Use: Potion            ||     4
Armor: Robe              ||    79
Dodge: Dodged            ||    87
